 Dungeon Crawl Stone Soup version 0.21-a0-221-gfe971b9 (webtiles) character file.

5526 Maesen the Covert (level 10, -9/49 HPs)
             Began as a Spriggan Enchanter on Aug 26, 2017.
             Was a High Priest of Dithmenos.
             Killed from afar by Josephine (24 damage)
             ... with a ghostly fireball
             ... on level 10 of the Dungeon.
             The game lasted 00:30:27 (14365 turns).

Maesen the Covert (Spriggan Enchanter)             Turns: 14365, Time: 00:30:28

Health: -9/49      AC:  3    Str:  6    XL:     10   Next: 43%
Magic:  22/22      EV: 23    Int: 17    God:    Dithmenos [*****.]
Gold:   404        SH:  4    Dex: 23    Spells: 12/24 levels left

rFire    . . .     SeeInvis +   k - +8 rapier (speed)
rCold    . . .     Gourm    .   (shield restricted)
rNeg     . . .     Faith    .   b - +1 robe
rPois    +         Spirit   .   (helmet restricted)
rElec    .         Reflect  +   (no cloak)
rCorr    .         Harm     .   (gloves unavailable)
MR       +....                  (boots unavailable)
Stlth    +++++++++.             g - +4 amulet of reflection
HPRegen  0.16/turn              o - ring of poison resistance
MPRegen  0.18/turn              u - +5 ring of dexterity

@: wreathed by umbra, heavily drained, very quick
A: unfitting armour, see invisible, herbivore 3, speed 3, slow metabolism 2
a: Shadow Step, Shadow Form, Renounce Religion


You were on level 10 of the Dungeon.
You worshipped Dithmenos.
Dithmenos was extremely pleased with you.
You were not hungry.

You visited 2 branches of the dungeon, and saw 11 of its levels.
You also visited: Sewer.

You collected 442 gold pieces.
You spent 38 gold pieces at shops.

Inventory:

Hand Weapons
 a - a +1 dagger
 h - a +0 dagger of venom
 k - a +8 rapier of speed (weapon)
Armour
 b - a +1 robe (worn)
Jewellery
 g - a +4 amulet of reflection (around neck)
 i - an uncursed ring of protection from cold
 o - a ring of poison resistance (left hand)
 r - an uncursed ring of ice
 u - a +5 ring of dexterity (right hand)
 w - an uncursed ring of positive energy
 x - an uncursed ring of wizardry
 F - an uncursed ring of resist corrosion
 I - an uncursed ring of protection from fire
Wands
 s - a wand of disintegration (17/24)
 J - a wand of acid (7/15)
Scrolls
 c - 3 scrolls of enchant armour
 f - 4 scrolls of teleportation
 p - 4 scrolls of remove curse
 y - a scroll of fog
Potions
 e - 3 potions of cancellation
 j - 7 potions of curing
 l - 6 potions of brilliance
 m - a potion of magic
 n - a potion of haste
 q - a potion of degeneration {unknown}
 t - 3 potions of might
 v - a potion of flight {unknown}
 z - a potion of ambrosia {unknown}
 B - a potion of heal wounds
 C - a potion of invisibility {unknown}
 H - a potion of berserk rage {unknown}
Books
 A - a book of Geomancy

   Spells                             Type                      Level
   a - Sandblast                      Earth                        1
   b - Passwall                       Transmutation/Earth          2
   c - Stone Arrow                    Conjuration/Earth            3
   d - Petrify                        Transmutation/Earth          4
   e - Lee's Rapid Deconstruction     Earth                        5
 G - a book of Minor Magic

   Spells                             Type                      Level
   a - Magic Dart                     Conjuration                  1
   b - Blink                          Translocation                2
   c - Call Imp                       Summoning                    2
   d - Slow                           Hexes                        2
   e - Conjure Flame                  Conjuration/Fire             3
   f - Mephitic Cloud                 Conjuration/Poison/Air       3
Comestibles
 d - 3 bread rations
 D - 2 fruits
 E - a royal jelly


   Skills:
 + Level 4.1(2.8) Fighting
 + Level 5.4(4.2) Short Blades
 + Level 7.8(6.4) Dodging
 + Level 14.7(13.0) Stealth
 + Level 7.7(6.3) Spellcasting
 + Level 8.3(6.9) Hexes


You had 12 spell levels left.
You knew the following spells:

 Your Spells              Type           Power        Failure   Level  Hunger
a - Ensorcelled Hibernat  Hex/Ice        ###...       4%          2    None
b - Corona                Hex            ####...      1%          1    None
c - Confuse               Hex            ####....     1%          3    ##.....
d - Tukima's Dance        Hex            ####....     1%          3    ##.....
e - Dazzling Spray        Conj/Hex       ###...       9%          3    ##.....


Dungeon Overview and Level Annotations

Branches:
Dungeon (10/15)            Temple (1/1) D:5            Lair (0/6) D:8
    Orc: D:9-12

Altars:
Ashenzari
Cheibriados
Dithmenos
Elyvilon
Fedhas
Gozag
Hepliaklqana
Kikubaaqudgha
Makhleb
Nemelex Xobeh
Okawaru
Qazlal
Ru
Sif Muna
Trog
Uskayaw
Vehumet
Wu Jian
Xom
Yredelemnul
Zin
The Shining One

Shops:
D:8 ?

Annotations:
D:9 Grum
D:10 Josephine


Innate Abilities, Weirdness & Mutations

You are very small and have problems with some larger weapons.
You are too small for most types of armour.
You have supernaturally acute eyesight. (SInv)
You are a herbivore.
You cover ground extremely quickly.
You need consume almost no food.


Message History

Josephine is moderately wounded.
Your shadow hits Josephine with a rapier.
You hit Josephine.
Josephine is heavily wounded.
Josephine points at you and mumbles some strange words.
The ghostly flame explodes!
The ghostly fireball engulfs you!
You feel drained.
Ouch! That really hurt!
You emit a cloud of dark smoke.
The ghostly fireball engulfs Josephine.
Josephine completely resists.
You barely miss Josephine.
Josephine is heavily wounded.
Your shadow hits Josephine with a rapier.
You puncture Josephine!
Josephine is heavily wounded.
Your shadow closely misses Josephine.
You block Josephine's attack.
You barely miss Josephine.
Josephine is heavily wounded.
Josephine gestures at you while chanting.
The ghostly flame explodes!
The ghostly fireball engulfs you!
You feel drained.
You die...

#.# #.#
##. #.#
#.. #.#
#.# #.#
#.# #.#
#W# #.#
#W#
#.#######
#@#
#.......#
###@#
#######.#
#§§§# #.#
#§### #.#
#.#
#.######.#
#.#...##.#
#...>..#.#
#........#
#......###


You could see Josephine and a wraith.

Vanquished Creatures
  A flayed ghost (D:9)
  Prince Ribbit (D:7)
  A hippogriff (D:5)
  6 wraiths
  A shadow (D:9)
  Eustachio (D:4)
  A fire bat (D:9)
  Edmund (D:4)
  2 hell hounds (D:8)
  The ghost of Aesen the Vexing, an amateur SpEn (D:5)
  An ice beast (D:9)
  2 sky beasts
  A black bear (D:9)
  2 phantoms
  2 ogres
  A centaur (D:7)
  3 wolves (D:9)
  2 big kobolds
  A bullfrog (D:9)
  5 scorpions
  A howler monkey (D:6)
  4 crimson imps
  A quasit (D:8)
  A jelly (D:7)
  A centaur zombie (D:10)
  2 bullfrog zombies
  4 hounds
  2 orc priests (D:6)
  4 orc wizards
  A bullfrog skeleton (D:5)
  2 iguanas
  Natasha (twice) (D:2)
  6 worker ants
  A killer bee zombie (D:8)
  A howler monkey zombie (D:5)
  2 worker ant zombies
  4 gnolls (D:4)
  A howler monkey skeleton (D:7)
  7 river rats
  17 adders
  4 shadow imps
  2 oozes
  7 worms
  4 dart slugs (D:3)
  2 leopard geckos
  38 orcs
  7 ball pythons
  6 giant cockroaches
  7 goblins
  10 hobgoblins
  2 jackals (D:8)
  A quokka (D:3)
  21 bats
  3 frilled lizards
  A giant cockroach zombie (D:5)
  22 kobolds
  32 rats
269 creatures vanquished.

Vanquished Creatures (others)
  A dancing weapon (D:9)
1 creature vanquished.

Grand Total: 270 creatures vanquished

Notes
Turn   | Place    | Note
-------+----------+-------------------------------------------
     0 | D:1      | Maesen the Spriggan Enchanter began the quest for the Orb.
     0 | D:1      | Reached XP level 1. HP: 9/9 MP: 5/5
   334 | D:1      | Reached XP level 2. HP: 13/13 MP: 7/7
   338 | D:1      | Learned a level 2 spell: Ensorcelled Hibernation
  1920 | D:2      | Found a shadowy altar of Dithmenos.
  1932 | D:2      | Became a worshipper of Dithmenos the Shadowed
  1959 | D:2      | Reached XP level 3. HP: 6/16 MP: 3/9
  2045 | D:2      | Learned a level 3 spell: Confuse
  2049 | D:2      | Learned a level 3 spell: Tukima's Dance
  2703 | D:2      | Found a sacrificial altar of Ru.
  2771 | D:2      | Reached skill level 5 in Hexes
  2781 | D:2      | Noticed Natasha
  2798 | D:2      | Killed Natasha
  2798 | D:2      | Reached XP level 4. HP: 21/21 MP: 1/11
  3008 | D:2      | Noticed Natasha
  3032 | D:2      | Killed Natasha
  3686 | D:3      | Reached XP level 5. HP: 24/24 MP: 9/12
  3797 | D:3      | Reached skill level 5 in Stealth
  4373 | D:4      | Found a glowing drain.
  4390 | D:4      | Reached * piety under Dithmenos
  4505 | Sewer    | Entered a sewer
  4524 | Sewer    | Reached skill level 6 in Stealth
  4965 | Sewer    | Reached skill level 7 in Stealth
  4965 | Sewer    | Reached XP level 6. HP: 21/28 MP: 3/13
  5333 | Sewer    | Reached ** piety under Dithmenos
  5347 | Sewer    | Reached skill level 8 in Stealth
  5871 | Sewer    | Learned a level 3 spell: Dazzling Spray
  6244 | D:4      | Noticed Eustachio
  6285 | D:4      | HP: 1/28 [Eustachio/rapier of speed (12)]
  6302 | D:4      | Killed Eustachio
  6302 | D:4      | Reached skill level 9 in Stealth
  6302 | D:4      | Reached XP level 7. HP: 27/32 MP: 4/14
  6501 | D:4      | Reached skill level 10 in Stealth
  7236 | D:4      | Noticed Edmund
  7576 | D:4      | Reached skill level 11 in Stealth
  8076 | D:4      | Found an ornate altar of the Wu Jian Council.
  8103 | D:4      | Reached *** piety under Dithmenos
  8338 | D:4      | Killed Edmund
  8338 | D:4      | Reached skill level 12 in Stealth
  8662 | D:4      | Found a shimmering altar of Xom.
  8776 | D:5      | Entered Level 5 of the Dungeon
  8810 | D:5      | Reached XP level 8. HP: 36/36 MP: 12/15
  8896 | D:5      | Noticed a hippogriff
  8898 | D:5      | Killed a hippogriff
  8898 | D:5      | Reached skill level 5 in Spellcasting
  8918 | D:5      | Noticed Aesen's ghost (amateur SpEn)
  8923 | D:5      | Killed Aesen's ghost
  8923 | D:5      | Reached skill level 1 in Fighting
  8923 | D:5      | Reached skill level 13 in Stealth
  8961 | D:5      | Found a staircase to the Ecumenical Temple.
  8974 | Temple   | Entered the Ecumenical Temple
 10075 | D:6      | Found a bloodstained altar of Trog.
 10656 | D:7      | Found a shattered altar of Ashenzari.
 10687 | D:7      | Reached XP level 9. HP: 34/42 MP: 13/18
 10807 | D:7      | Noticed Prince Ribbit
 10814 | D:7      | Killed Prince Ribbit
 10814 | D:7      | Reached skill level 5 in Dodging
 10847 | D:7      | Reached **** piety under Dithmenos
 11265 | D:7      | Found a blossoming altar of Fedhas.
 11421 | D:8      | Found a staircase to the Lair.
 11631 | D:8      | Found Feoff's Magic Scroll Shop.
 11639 | D:8      | Bought a scroll of immolation for 38 gold pieces
 11692 | D:8      | Found a radiant altar of Vehumet.
 11985 | D:8      | Found a hide-covered altar of Uskayaw.
 11987 | D:8      | Found an ancient bone altar of Kikubaaqudgha.
 12099 | D:8      | Found a basalt altar of Yredelemnul.
 12520 | D:9      | Reached ***** piety under Dithmenos
 12551 | D:9      | Found a stormy altar of Qazlal.
 12604 | D:9      | Reached skill level 14 in Stealth
 12662 | D:9      | Noticed Grum
 13748 | D:9      | Found a basalt altar of Yredelemnul.
 13761 | D:9      | Found a runed door.
 13765 | D:9      | Found a hide-covered altar of Uskayaw.
 13777 | D:9      | Found a glowing golden altar of the Shining One.
 13796 | D:9      | Reached XP level 10. HP: 33/49 MP: 21/21
 13901 | D:9      | Found a blossoming altar of Fedhas.
 13931 | D:9      | Found a stormy altar of Qazlal.
 13960 | D:9      | Reached skill level 5 in Short Blades
 14183 | D:9      | Found an opulent altar of Gozag.
 14243 | D:9      | Noticed a flayed ghost
 14246 | D:9      | Killed a flayed ghost
 14249 | D:9      | Identified Sorcery in Simple Steps
 14309 | D:10     | Entered Level 10 of the Dungeon
 14352 | D:10     | Noticed Josephine
 14365 | D:10     | Killed from afar by Josephine

Vault maps used:
D:1:      dpeg_arrival_stone_temple_mockup
D:2:      nicolae_dithmenos_shadow_blocks, nicolae_ru_sacrificial_ziggurat,
          first_bread, uniq_natasha
D:4:      kennysheep_mini_moat, marbit_many_paths,
          nicolae_ossuary_entry_false_entrances, portal_sewer_entry_b,
          uniq_eustachio, uniq_edmund
D:5:      minmay_temple_entry_junction_2
D:6:      overflow_temple_1_default
D:7:      old_standard_altar, fedhas_altar_1, uniq_prince_ribbit1
D:8:      nicolae_overflow_hidden_temple, minmay_lair_entry_lava, serial_shops,
          shop
D:9:      due_megacathedral, grunt_qazlal_sundering, uniq_grum
D:10:     hangedman_ranch, uniq_fannar, uniq_josephine
Temple:   zaba_magenta_temple
Sewer:    sewer_minmay_treatment

Skill      XL: |  1  2  3  4  5  6  7  8  9 10 |
---------------+-------------------------------+-----
Spellcasting   | 3 4 5 7 |  7.7
Hexes          | 4 5 6 7 8 |  8.3
Stealth        | 7 9 12 13 14 | 14.7
Short Blades   | 3 4 5 |  5.4
Fighting       | 2 3 4 |  4.1
Dodging        | 4 7 |  7.8

Action                   |  1- 3 |  4- 6 |  7- 9 | 10-12 || total
-------------------------+-------+-------+-------+-------++-------
Melee: Dagger            |   114 |   296 |       |       ||   410
       Rapier            |       |       |   353 |    51 ||   404
 Cast: Corona            |    11 |       |       |       ||    11
       Ensorcelled Hiber |    24 |    57 |    26 |       ||   107
       Confuse           |     2 |    11 |    17 |     9 ||    39
       Dazzling Spray    |       |     4 |     9 |       ||    13
       Tukima's Dance    |       |       |     2 |       ||     2
  Use: Potion            |     1 |     8 |       |       ||     9
       Scroll            |     3 |     1 |    14 |       ||    18
 Stab: Sleeping          |    19 |    39 |    58 |     6 ||   122
       Distracted        |     2 |     1 |     3 |       ||     6
       Confused          |     1 |     3 |     8 |     3 ||    15
       Invisible         |       |     1 |     3 |       ||     4
  Eat: Bread ration      |     1 |     1 |       |       ||     2
       Royal jelly       |       |       |     4 |       ||     4
Armor: Robe              |    13 |    21 |    11 |     1 ||    46
       Skin              |       |    51 |       |       ||    51
Dodge: Dodged            |    99 |   295 |   208 |    29 ||   631
Block: Other             |    10 |    62 |    33 |     6 ||   111
       Reflection        |     1 |     2 |     1 |       ||     4

Table legend:
 A = Spawn XP
 B = Non-spawn XP
 C = Spawn XP percentage of total XP
 D = Spawn monster count
 E = Non-spawn monster count
 F = Spawn count percentage of total count
 G = Total turns spent on level
                    A         B        C        D         E        F      G
               +---------+---------+-------+---------+---------+-------+---------
         Total |     556 |    7339 |   7.0 |      35 |     234 |  13.0 | 14365
               +---------+---------+-------+---------+---------+-------+---------
           D:1 |       9 |      21 |  30.0 |       5 |      14 |  26.3 |  1310
           D:2 |      35 |     123 |  22.2 |      12 |      17 |  41.4 |  2349
           D:3 |       5 |     106 |   4.5 |       2 |      24 |   7.7 |  1354
           D:4 |      92 |     732 |  11.2 |       3 |      25 |  10.7 |  2056
           D:5 |      34 |     633 |   5.1 |       2 |      13 |  13.3 |   729
           D:6 |       4 |     685 |   0.6 |       2 |      22 |   8.3 |  1069
           D:7 |      12 |     642 |   1.8 |       1 |      13 |   7.1 |   755
           D:8 |     180 |     591 |  23.3 |       2 |      10 |  16.7 |  1081
           D:9 |     185 |    3088 |   5.7 |       6 |      45 |  11.8 |  1822
          D:10 |       0 |     455 |   0.0 |       0 |       3 |   0.0 |    56
         Sewer |       0 |     263 |   0.0 |       0 |      48 |   0.0 |  1707
               +---------+---------+-------+---------+---------+-------+---------
